 Dungeon Crawl Stone Soup version 0.29.1-2-gbd0b4ee654 (webtiles) character file.

Game seed: 1274947364790456593

364 Hadkhar the Magician (level 7, -8/50 HPs)
             Began as a Djinni Hedge Wizard on Oct 25, 2022.
             Was an Initiate of Makhleb.
             Shot with an arrow by a centaur (9 damage)
             ... on level 5 of the Dungeon.
             The game lasted 00:26:44 (6030 turns).

Hadkhar the Magician (Djinni Hedge Wizard)          Turns: 6030, Time: 00:26:45

Health: -8/50      AC:  3    Str:  9    XL:     7   Next: 0%
Gold:   143        EV: 12    Int: 18    God:    Makhleb [......] SH:  0 Dex: 12

rFire   + + .      SeeInvis .   s - +1 short sword (holy)
rCold   x . .      Faith    .   (no shield)
rNeg    . . .      Spirit   .   b - +0 robe
rPois   ∞          Reflect  .   x - +1 hat
rElec   .          Harm     .   (no cloak)
rCorr   .          Rampage  .   (no gloves)
Will    .....                   (boots unavailable)
Stlth   ++........              (no amulet)
HPRegen 0.16/turn               (no ring)
MPRegen 0.00/turn               (no ring)

@: flying
A: sickness immunity, fire resistance 2, cold vulnerability 1, float, innate
caster, HP casting, extra vitality 1
a: Renounce Religion


You were on level 5 of the Dungeon.
You worshipped Makhleb.
Makhleb was noncommittal.
You visited 1 branch of the dungeon, and saw 5 of its levels.

You collected 143 gold pieces.

Inventory:

Hand Weapons
 d - a +2 dagger of venom
 s - a +1 short sword of holy wrath (weapon)
 y - a +2 long sword
Missiles
 i - 19 silver javelins
Armour
 b - a +0 robe (worn)
 e - a +0 leather armour
 r - a +0 plate armour
 t - a scarf of harm
 x - a +1 hat (worn)
Jewellery
 w - an amulet of reflection
Scrolls
 f - 4 scrolls of teleportation {unknown}
 g - 4 scrolls of identify {unknown}
 l - a scroll of noise {unknown}
 m - a scroll of immolation {unknown}
 n - a scroll of amnesia {unknown}
 o - a scroll of silence {unknown}
Potions
 a - 2 potions of heal wounds {unknown}
 h - a potion of mutation {unknown}
 j - 2 potions of lignification {unknown}
 k - a potion of ambrosia {unknown}
 p - a potion of flight {unknown}
 q - a potion of might {unknown}
 u - a potion of curing {unknown}
 v - a potion of magic {unknown}


   Skills:
 + Level 3.0 Fighting
 - Level 2.1 Dodging
 + Level 3.3 Stealth
 * Level 4.3 Spellcasting


You couldn't memorise any spells.
You knew the following spells:

 Your Spells              Type           Power      Damage    Failure   Level
a - Magic Dart            Conj           76%        1d6       2%          1
b - Blink                 Tloc           38%        N/A       3%          2
c - Call Imp              Summ           19%        N/A       3%          2
d - Slow                  Hex            76%        N/A       2%          1
e - Conjure Flame         Conj/Fire      19%        6-21      8%          3
f - Mephitic Cloud        Conj/Pois/Air  19%        N/A       8%          3
g - Shock                 Conj/Air       76%        1d7       2%          1
h - Passwall              Tmut/Erth      15%        N/A       3%          2
i - Inner Flame           Hex/Fire       19%        N/A       8%          3
Your spell library was empty.

Dungeon Overview and Level Annotations

Branches:
Dungeon (5/15)
 Temple: D:4-7

Altars:
Makhleb
Uskayaw

Shops:
D:5 =

Annotations:
D:3 2 runed translucent doors


Innate Abilities, Weirdness & Mutations

You are immune to sickness and miasma.
You are immune to poison.
Your flesh is very heat resistant. (rF++)
You are vulnerable to cold. (rC-)
You float through the air rather than walking.
You learn spells naturally, not from books.
Your magical power is your life essence.
You have superior vitality. (+4 MHP)


Message History

The centaur is moderately wounded.
The centaur closely misses you. The centaur kicks you.
You barely miss the centaur.
The centaur is moderately wounded.
The centaur hits you but does no damage.
The centaur kicks you but does no damage.
The centaur barely misses you. The centaur kicks you.
You hit the centaur.
The centaur is moderately wounded.
The centaur hits you. The centaur kicks you. The centaur hits you.
The centaur kicks you.
You barely miss the centaur.
The centaur is moderately wounded.
The centaur hits you but does no damage.
The centaur kicks you.
You hit the centaur but do no damage.
The centaur is moderately wounded.
The centaur hits you. The centaur barely misses you.
The centaur hits you but does no damage.
The centaur barely misses you.
You hit the centaur.
The centaur is moderately wounded.
The centaur hits you but does no damage.
The centaur barely misses you. The centaur closely misses you.
The centaur kicks you but does no damage.
The centaur wields a +0 shortbow.
The centaur shoots an arrow.
The arrow hits you.
* * * LOW HITPOINT WARNING * * *
The centaur shoots an arrow.
The arrow hits you!
* * * LOW HITPOINT WARNING * * *
The centaur shoots an arrow.
The arrow hits you!
* * * LOW HITPOINT WARNING * * *
Casting: Magic Dart (safe; 2% risk of failure)
Confirm with . or Enter, or press ? or * to list all spells.
You don't have enough health to cast this spell.
The centaur shoots an arrow.
The arrow barely misses you.
The centaur shoots an arrow.
The arrow barely misses you.
The centaur shoots an arrow.
The arrow closely misses you.
The centaur shoots an arrow.
The arrow hits you!
You die...

#..#######
#..#.....#
#..#.∩.>.#
##.#.....#
#.#######.#
##†......#
###.######
#...# #@###
#.# #.# #.#
#.#######
#.c.coh.#
#######....
.


You could see a centaur.

Vanquished Creatures
  2 wights (D:3)
  4 adders
  2 worms (D:2)
  3 dart slugs
  3 endoplasms
  2 giant cockroaches (D:1)
  6 hobgoblins
  3 jackals (D:2)
  4 quokkas
  3 ball pythons (D:2)
  11 frilled lizards
  9 goblins
  10 kobolds
  A rat (D:1)
63 creatures vanquished.

Vanquished Creatures (collateral kills)
  Sigmund (D:3)
  A hobgoblin (D:3)
  A kobold (D:3)
3 creatures vanquished.

Vanquished Creatures (others)
  11 plants
11 creatures vanquished.

Grand Total: 77 creatures vanquished

Notes
Turn   | Place    | Note
-------+----------+-------------------------------------------
     0 | D:1      | Hadkhar the Djinni Hedge Wizard began the quest for the
                  | Orb.
     0 | D:1      | Hadkhar set off with the following spells memorised: Magic
                  | Dart, Blink, Call Imp, Slow, Conjure Flame, Mephitic Cloud.
     0 | D:1      | Reached XP level 1. HP: 15/15 MP: 0/0
   124 | D:1      | Found a faded altar of an unknown god.
   386 | D:1      | Reached XP level 2. HP: 4/22 MP: 0/0
  1285 | D:1      | Reached XP level 3. HP: 19/26 MP: 0/0
  1285 | D:1      | Learned a level 1 spell: Shock
  1391 | D:1      | Reached skill level 1 in Fighting
  1789 | D:2      | Reached skill level 3 in Spellcasting
  1848 | D:2      | Reached XP level 4. HP: 24/32 MP: 0/0
  3094 | D:3      | Found a burning altar of Makhleb.
  3124 | D:3      | Became a worshipper of Makhleb the Destroyer
  3619 | D:3      | Found a large runed translucent door.
  3620 | D:3      | Found a large runed translucent door.
  3917 | D:3      | Found a hide-covered altar of Uskayaw.
  3924 | D:3      | Noticed Sigmund
  4826 | D:4      | Noticed a wight
  4826 | D:4      | Noticed a wight
  4826 | D:4      | Noticed a wight
  4889 | D:4      | Reached XP level 5. HP: 6/38 MP: 0/0
  4889 | D:4      | Learned a level 2 spell: Passwall
  5554 | D:3      | Reached XP level 6. HP: 35/45 MP: 0/0
  5871 | D:3      | Killed Sigmund
  5872 | D:3      | Reached skill level 4 in Spellcasting
  5982 | D:4      | You are sucked into a shaft and drop 1 floor!
  5982 | D:5      | Entered Level 5 of the Dungeon
  5982 | D:5      | Found Togoukh's Jewellery Emporium.
  5991 | D:5      | Reached XP level 7. HP: 48/50 MP: 0/0
  5991 | D:5      | Learned a level 3 spell: Inner Flame
  6026 | D:5      | HP: 1/50 [centaur/arrow (7)]
  6030 | D:5      | Shot with an arrow by a centaur

Illustrated notes

Levels and vault maps discovered:
D:1:      saegor_arrival_simple_b, layout_loops_ring,
          hellmonk_ecumenical_altar_leap_of_faith, minmay_lizard_king
D:2:      layout_basic
D:3:      layout_loops_corners, jmf_multi_god_temple2,
          mainiacjoe_overflow_small_starburst,
          mainiacjoe_overflow_cross_hatched, uniq_sigmund
D:4:      layout_rooms, minmay_temple_entry_drinking_statues
D:5:      layout_loops_ring, mainiacjoe_overflow_boulevard, serial_shops,
          nicolae_take_the_stairs, uniq_grinder

Skill      XL: |  1  2  3  4  5  6 |
---------------+-------------------+-----
Fighting       | 1 2 3 |  3.0
Stealth        | 2 3 |  3.3
Spellcasting   | 3 4 |  4.3
Dodging        | |  2.1

Action                   |  1- 3 |  4- 6 |  7- 9 || total
-------------------------+-------+-------+-------++-------
Melee: Dagger            |    37 |    44 |       ||    81
       Short sword       |       |    13 |     8 ||    21
 Cast: Magic Dart        |    50 |    52 |     2 ||   104
       Blink             |       |    11 |       ||    11
       Call Imp          |       |    12 |       ||    12
       Conjure Flame     |       |     1 |       ||     1
       Slow              |       |     3 |       ||     3
       Inner Flame       |       |       |     1 ||     1
 Stab: Sleeping          |     2 |     2 |       ||     4
Armor: Robe              |     3 |     9 |     7 ||    19
Dodge: Dodged            |    17 |    53 |    15 ||    85
